 Dungeon Crawl Stone Soup version 0.28-a0-1234-g826d19b2e0 (webtiles) character file.

Game seed: 7498500541179108109

919 bande the Chopper (level 8, -9/48 HPs)
             Began as a Gargoyle Fighter on Dec 24, 2021.
             Splashed by a jelly's acid (11 damage)
             ... on level 6 of the Dungeon.
             The game lasted 00:05:46 (5929 turns).

bande the Chopper (Gargoyle Fighter)                Turns: 5929, Time: 00:05:46

Health: -9/48      AC:  7    Str: 18 (20) XL:     8   Next: 9%
Magic:  8/8        EV:  5    Int:  6 (9)  God:
Gold:   207        SH:  4    Dex:  9 (11) Spells: 7/7 levels left

rFire   . . .      SeeInvis .   g - +2 hand axe (holy)
rCold   . . .      Faith    .   c - +0 buckler
rNeg    + . .      Spirit   .   o - +0 plate armour
rPois   ∞          Reflect  .   (no helmet)
rElec   +          Harm     .   (no cloak)
rCorr   .          Rampage  .   (no gloves)
Will    .....                   n - +0 pair of boots
Stlth   ..........              (no amulet)
HPRegen 0.16/turn               (no ring)
MPRegen 0.11/turn               (no ring)

@: corroded, attractive, hasted, very quick
A: sickness immunity, AC +5, negative energy resistance 1, electricity
resistance, torment resistance 1, petrification resistance
a: no special abilities


You were on level 6 of the Dungeon.
You visited 1 branch of the dungeon, and saw 6 of its levels.

You collected 207 gold pieces.

Inventory:

Hand Weapons
 a - a +1 war axe
 g - a +2 hand axe of holy wrath (weapon)
 k - a +0 flail
Armour
 c - a +0 buckler (worn)
 n - a +0 pair of boots (worn)
 o - a +0 plate armour (worn)
Wands
 b - a wand of paralysis (9)
 j - a wand of iceblast (17)
Scrolls
 f - a scroll of teleportation {unknown}
Potions
 d - a potion of might
 e - a potion of degeneration
 h - a potion of berserk rage
 i - 4 potions of resistance
 l - a potion of brilliance
 m - a potion of attraction


   Skills:
 + Level 4.9 Fighting
 + Level 5.7 Axes
 + Level 5.6 Armour
 + Level 4.5 Shields
 * Level 2.1 Evocations


You had 7 spell levels left.
You didn't know any spells.
Your spell library contained the following spells:

 Spells                   Type           Power      Damage    Failure   Level
 Ignite Poison            Fire/Tmut/Pois 0%         N/A       100%        3
 Mephitic Cloud           Conj/Pois/Air  0%         N/A       100%        3
 Freezing Cloud           Conj/Ice/Air   0%         6-21      100%        5


Dungeon Overview and Level Annotations

Branches:
Dungeon (5/15)
 Temple: D:4-7

Altars:
Yredelemnul


Innate Abilities, Weirdness & Mutations

You are immune to sickness and miasma.
Your stone body is resilient. (AC +5)
You are immune to poison.
You resist negative energy. (rN+)
You are resistant to electric shocks. (rElec)
You are resistant to unholy torment.
You are immune to petrification.


Message History

You hit the hound.
The hound is moderately wounded.
The hound bites you but does no damage. x2
You hit the hound.
The hound is heavily wounded.
The hound bites you but does no damage.
You slash the hound!
You kill the hound!
The jelly hits you. The acid corrodes you!
You are splashed with acid!
You see here a hound corpse.
The jelly barely misses you.
Unknown command.
You hit the jelly.
Your hands burn!
The jelly is lightly wounded.
You block the jelly's attack.
You hit the jelly but do no damage.
Your hands burn!
The jelly is lightly wounded.
You block the jelly's attack.
You hit the jelly.
Your hands burn!
* * * LOW HITPOINT WARNING * * *
The jelly is lightly wounded.
The jelly closely misses you.
You hit the jelly.
Your hands burn!
* * * LOW HITPOINT WARNING * * *
The jelly is moderately wounded.
The jelly hits you.
* * * LOW HITPOINT WARNING * * *
The acid corrodes you!
You are splashed with acid!
* * * LOW HITPOINT WARNING * * *
It was a potion of degeneration.
There was something very wrong with that liquid.
You feel weakened.
You feel dopey.
You feel clumsy. The jelly hits you but does no damage.
It was a potion of attraction.
You feel attractive to monsters. The jelly barely misses you.
It was a potion of haste.
You feel yourself speed up. The jelly hits you.
* * * LOW HITPOINT WARNING * * *
The acid corrodes you!
You are splashed with acid!
You die...

###... #....## .# # #
##.....##.## #. #.
#####...........
...#.###........#......
......#...#.#.#........
.(...................##
#.........#.#.#......#
#........†@.†.)......#
#...#....J#.#.#.....##
# #.............#..#
##........##.....#
##........##.#..#
...........#.##.#
..##........... J .#
##...........


You could see a jelly.

Vanquished Creatures
  Sigmund (D:3)
  A black bear (D:6)
  A phantom (D:5)
  A scorpion (D:5)
  A howler monkey (D:4)
  A bullfrog zombie (D:5)
  3 hounds
  An orc priest (D:3)
  A centaur skeleton (D:5)
  2 iguanas (D:4)
  Jessica (D:3)
  A bullfrog skeleton (D:4)
  2 orc wizards (D:4)
  3 gnolls (D:4)
  6 adders
  An ufetubus (D:3)
  A dart slug (D:4)
  2 orcs
  A bat (D:1)
  4 endoplasms
  4 giant cockroaches
  7 goblins (D:3)
  7 hobgoblins
  5 jackals
  3 quokkas
  5 ball pythons
  4 frilled lizards
  9 kobolds
  5 rats
84 creatures vanquished.

Notes
Turn   | Place    | Note
-------+----------+-------------------------------------------
     0 | D:1      | bande the Gargoyle Fighter began the quest for the Orb.
     0 | D:1      | Reached XP level 1. HP: 14/14 MP: 1/1
   273 | D:1      | Reached XP level 2. HP: 19/19 MP: 2/2
   457 | D:1      | Found a faded altar of an unknown god.
   988 | D:2      | Reached XP level 3. HP: 23/23 MP: 3/3
  1131 | D:2      | Found a basalt altar of Yredelemnul.
  1440 | D:2      | Reached XP level 4. HP: 28/29 MP: 4/4
  1740 | D:3      | Noticed Jessica
  1758 | D:3      | Killed Jessica
  2555 | D:3      | Noticed Sigmund
  2566 | D:3      | Killed Sigmund
  2567 | D:3      | Reached XP level 5. HP: 16/33 MP: 5/5
  2567 | D:3      | Reached XP level 6. HP: 18/38 MP: 6/6
  4330 | D:3      | Reached XP level 7. HP: 44/44 MP: 7/7
  4547 | D:4      | Reached skill level 5 in Axes
  4547 | D:4      | Reached skill level 1 in Evocations
  4975 | D:5      | Entered Level 5 of the Dungeon
  4992 | D:4      | Reached skill level 5 in Armour
  5885 | D:5      | You fall into a shaft and drop 1 floor!
  5902 | D:6      | Reached XP level 8. HP: 39/48 MP: 8/8
  5926 | D:6      | HP: 2/48 [acid (8)]
  5929 | D:6      | Splashed by a jelly's acid

Illustrated notes

Levels and vault maps discovered:
D:1:      scummos_arrival_hexagon, layout_loops_corners,
          nicolae_ecumenical_snake_handling, minmay_tripent
D:2:      layout_loops_ring, basic_altar
D:3:      layout_loops_ring, minmay_goblin_outpost, uniq_sigmund, uniq_jessica
D:4:      layout_cave_pools, minmay_stone_trees_large,
          hangedman_decor_peaks_small
D:5:      layout_loops_ring
D:6:      layout_cave_pools, minmay_temple_entry_poolview,
          serial_co_window_serial, co_window_paths_b, co_window_paths_b,
          co_window_paths_a, co_window_of_opportunity_a,
          co_window_of_opportunity_a, co_window_broadway_b,
          co_window_broadway_a, co_window_unsneaky_path_b, co_window_broadway_c,
          co_window_cross_4, glass_columns_a, glass_columns_a, glass_columns_b,
          uniq_edmund

Skill      XL: |  1  2  3  4  5  6  7 |
---------------+----------------------+-----
Axes           | 2 3 4 5 |  5.7
Fighting       | 4 |  4.9
Armour         | 4 5 |  5.6
Shields        | 4 |  4.5
Evocations     | 2 |  2.1

Action                   |  1- 3 |  4- 6 |  7- 9 || total
-------------------------+-------+-------+-------++-------
Melee: War axe           |    33 |       |       ||    33
       Hand axe          |    57 |   140 |    98 ||   295
  Use: Scroll            |       |     6 |       ||     6
       Potion            |       |       |     3 ||     3
Armor: Scale mail        |    51 |    56 |    38 ||   145
       Plate armour      |       |       |    28 ||    28
Dodge: Dodged            |    37 |    53 |    38 ||   128
Block: Buckler           |    25 |    33 |    28 ||    86

Table legend: (Time is in decaauts)
 A = Elapsed time spent in this place.
 B = Non-inter-level travel time spent in this place.
 C = Inter-level travel time spent in this place.
 D = Time resting spent in this place.
 E = Time spent auto-exploring this place.
 F = Levels seen in this place.
 G = Mean time per level.
                   A        B        C        D        E       F      G
               +--------+--------+--------+--------+--------+-----+--------+
         Total |   5979 |   5949 |     30 |   2366 |   2721 |   6 |  996.5 |
       Dungeon |   5979 |   5949 |     30 |   2366 |   2721 |   6 |  996.5 |
               +--------+--------+--------+--------+--------+-----+--------+

Top non-repeatable levels by time:
     D:3: 1908 daAuts
     D:4: 1658 daAuts
     D:1: 970 daAuts
     D:2: 766 daAuts
     D:5: 630 daAuts
     D:6: 44 daAuts
